Map: 2000 atmosfer ER

Players

Krystianer - Winner!

  • Race: Protoss Protoss
  • League: Grandmaster
  • Spawn Location: 3:00

ForJumY

  • Race: Protoss Protoss
  • League: Grandmaster
  • Spawn Location: 7:00

VOD

Have the link to the VOD?

Description

Time

  • Played on: May 10, 2022, 10:50 a.m.
  • Length: 2:44
Show
View Real Time Build Order
Export as new Build Order

Krystianer Protoss - Winner!

Build Orders:  

Get SALT Encoding   

  12  0:00  Probe  
  13  0:12  Probe  
  14  0:16  Pylon  
  14  0:24  Probe (Chrono Boost)  
  16  0:36  Gateway, Probe (Chrono Boost)  
  16  0:43  Probe (Chrono Boost)  
  16  0:46  Assimilator  
  17  0:50  Probe  
  18  1:01  Forge  
  18  1:04  Probe  
  19  1:17  Probe  
  20  1:23  Cybernetics Core  
  20  1:29  Probe  
  21  1:33  Photon Cannon  
  21  1:38  Assimilator  
  21  1:41  Probe  
  22  1:49  Pylon  
  22  2:00  Photon Cannon  
  22  2:04  Stalker (Chrono Boost)  
  24  2:10  Probe  
  25  2:21  Robotics Facility  
Show
View Real Time Build Order
Export as new Build Order

ForJumY Protoss 

Build Orders:  

Get SALT Encoding   

  12  0:01  Probe  
  13  0:13  Probe  
  14  0:25  Probe  
  15  0:32  Pylon  
  15  0:51  Gateway  
  15  0:52  Gateway  
  15  0:58  Forge  
  15  1:05  Probe  
  16  1:20  Pylon  
  16  1:38  Photon Cannon  
  16  1:39  Zealot (Chrono Boost)  
  16  1:40  Photon Cannon  
  20  1:51  Zealot (Chrono Boost)  
  20  1:57  Zealot (Chrono Boost)  
  24  2:17  Zealot (Chrono Boost)  
  24  2:18  Zealot (Chrono Boost)  
  26  2:24  Pylon  
Tags
 
Add a new tag
Caveats
  • Supply blocks, unpowered buildings, or Contaminate may cause inaccurate times.
  • Supply counts are checked every 10 seconds.